AoeStats
← BenJames

Oasis

508150032Analyzed
4v4 RM · 10d ago on Sep 21, 2026· 80m 13s· 8 players
Game mode
Random Map
Map size
Large (8 player)
Population
200
Speed
Normal
Resources
Standard
Victory
Conquest
Starting age
Dark Age
Ending age
Imperial Age
RankedLock teamsTeams togetherTeam positionsShared explorationLock speedFull tech treeHidden civsTurbo modeCheats
Victory
Defeat
🇲🇽 Saracens · Mexico
1175
+11
🇨🇴 Japanese · Colombia
1007
+18
🇨🇴 Armenians · Colombia
1004
+18
🇲🇽 Franks · Mexico
950
+20
🇪🇨 Portuguese · Ecuador
1090
-18
🇦🇷 Romans · Argentina
1051
-17
🇺🇸 Khitans · United States
1041
-16
🇨🇴 Mongols · Colombia
1036
-16
RaffaEP
0:27 Loom
11:52 Feudal Age
16:02 Castle Age
14:24 Double-Bit Axe
14:30 Domestication
16:46 Fletching
16:56 Padded Archer Armor
17:17 Bodkin Arrow
18:38 Bow Saw
21:35 Wheelbarrow
21:33 Heavy Cavalry Archer
24:01 Thumb Ring
26:59 Leather Archer Armor
27:54 Scale Mail Armor
28:18 Hand Cart
34:25 Pastoralism
36:40 Husbandry
37:51 Treadmill Crane
39:47 Ballistics
39:19 Heated Shot
42:51 Scale Barding Armor
42:57 Forging
43:08 Gold Mining
46:11 Chain Barding Armor
46:27 Iron Casting
46:07 Masonry
45:54 Murder Holes
46:04 Pikeman
46:30 Gambesons
46:45 Squires
46:31 Arson
50:33 Chain Mail Armor
50:23 Stone Mining
53:38 Elite Skirmisher
54:45 Fortified Wall
59:43 Imperial Age
59:33 Stone Shaft Mining
60:57 Lamellar Armor
61:19 Conscription
77:26 Town Watch
PabLokA
4:56 Loom
9:47 Feudal Age
16:17 Castle Age
33:16 Fletching
BenJames
5:16 Loom
9:15 Feudal Age
10:09 Double-Bit Axe
11:18 Man-at-Arms
13:05 Horse Collar
20:35 Castle Age
20:41 Padded Archer Armor
22:11 Fletching
33:15 Bodkin Arrow
39:18 Wheelbarrow
42:41 Imperial Age
41:39 Bow Saw
41:21 Gold Mining
42:39 Hand Cart
45:27 Bloodlines
45:18 Husbandry
50:41 Gold Shaft Mining
50:08 Heavy Plow
49:59 Town Watch
51:46 Conscription
50:59 Heavy Camel Rider
52:33 Elite Mangudai
54:31 Leather Archer Armor
55:39 Ballistics
56:20 Chemistry
55:29 Scale Barding Armor
56:23 Bracer
58:12 Light Cavalry
59:43 Hussar
66:39 Forging
66:50 Chain Barding Armor
69:32 Capped Ram
72:46 Iron Casting
78:12 Blast Furnace
MXZ01
0:26 Loom
12:46 Feudal Age
17:38 Castle Age
16:07 Horse Collar
16:20 Double-Bit Axe
18:41 Wheelbarrow
24:42 Pikeman
30:44 Forging
33:21 Iron Casting
40:55 Imperial Age
41:13 Cavalier
42:19 Conscription
42:06 Halberdier
45:54 Blast Furnace
47:51 Heavy Plow
48:39 Scale Mail Armor
50:32 Crop Rotation
52:31 Chain Mail Armor
52:29 Bow Saw
54:08 Chemistry
53:35 Hand Cart
53:49 Arquebus
59:39 Light Cavalry
64:34 Bloodlines
64:24 Husbandry
64:27 Padded Archer Armor
65:44 Leather Archer Armor
66:11 Bombard Tower
67:44 Fletching
70:19 Elite Organ Gun
74:11 Elite Skirmisher
[ Wildpigs ] Carlofos
6:18 Loom
9:48 Feudal Age
17:40 Fletching
25:12 Castle Age
23:32 Padded Archer Armor
25:57 Wheelbarrow
25:14 Gold Mining
25:14 Double-Bit Axe
25:11 Horse Collar
25:20 Crossbowman
26:40 Bodkin Arrow
28:37 Thumb Ring
30:33 Bow Saw
35:45 Scale Barding Armor
43:44 Imperial Age
44:20 Arbalester
50:21 Hand Cart
67:04 Bracer
[Wildpigs] El Jochu
7:40 Loom
13:18 Feudal Age
16:32 Loom
19:19 Castle Age
19:44 Scale Barding Armor
21:48 Chain Barding Armor
23:38 Wheelbarrow
26:19 Hand Cart
28:15 Double-Bit Axe
30:10 Bow Saw
32:46 Gold Mining
33:08 Forging
44:37 Imperial Age
42:13 Husbandry
49:01 Cavalier
58:42 Plate Barding Armor
58:43 Iron Casting
58:04 Pikeman
58:45 Squires
59:01 Halberdier
62:16 Paladin
63:10 Town Watch
67:42 Light Cavalry
74:32 Scale Mail Armor
74:32 Padded Archer Armor
75:33 Blast Furnace
briantorresr25
0:31 Loom
12:03 Feudal Age
17:33 Castle Age
17:24 Double-Bit Axe
17:22 Horse Collar
33:33 Town Watch
37:29 Forging
37:19 Scale Mail Armor
41:22 Iron Casting
41:02 Chain Mail Armor
41:25 Heavy Plow
43:57 Imperial Age
42:39 Bow Saw
43:21 Scale Barding Armor
43:37 Husbandry
46:06 Cavalier
48:48 Wheelbarrow
48:53 Plate Mail Armor
50:11 Chain Barding Armor
51:25 Hand Cart
51:11 Town Patrol
53:43 Elite Skirmisher
57:56 Parthian Tactics
65:21 Chemistry
64:43 Ballistics
73:39 Fletching
73:50 Padded Archer Armor
74:05 Fortified Wall
DCB
4:48 Loom
11:53 Feudal Age
12:17 Man-at-Arms
13:52 Double-Bit Axe
13:50 Horse Collar
15:12 Long Swordsman
23:10 Castle Age
23:21 Wheelbarrow
24:40 Two-Handed Swordsman
25:06 Gambesons
25:21 Squires
25:07 Arson
25:24 Scale Mail Armor
25:35 Forging
33:44 Chain Mail Armor
34:05 Iron Casting
37:43 Gold Mining
38:08 Bow Saw
38:34 Champion
43:44 Imperial Age
41:30 Hand Cart
41:01 Town Watch
42:47 Fletching
42:59 Padded Archer Armor
44:14 Caravan
45:16 Conscription
45:02 Fereters
45:56 Gold Shaft Mining
45:12 Stone Mining
45:50 Bodkin Arrow
46:10 Leather Archer Armor
48:15 Plate Mail Armor
47:47 Bracer
48:18 Ring Archer Armor
50:00 Pikeman
51:17 Plate Mail Armor
51:47 Blast Furnace
51:18 Ballistics
51:09 Fortified Wall
54:05 Capped Ram
54:16 Elite Skirmisher
56:07 Siege Ram
57:21 Halberdier
60:39 Elite Composite Bowman
65:03 Chemistry
64:00 Murder Holes
64:20 Herbal Medicine
65:01 Theocracy
69:57 Bombard Tower
72:51 Husbandry
73:03 Bloodlines
72:13 Light Cavalry
72:16 Cavalier
75:30 Masonry
76:22 Blast Furnace
75:28 Scale Barding Armor
Connection lost

Rejoining the realm…

Still unreachable

The connection could not be restored.

Session expired

The server has moved on; the page needs a fresh start.